 Dungeon Crawl Stone Soup version 0.21.1-1-g345015f (webtiles) character file.

946 suicidejoker the Sneak (level 8, -1/51 HPs)
             Began as an Octopode Transmuter on Mar 31, 2018.
             Was an Initiate of Cheibriados.
             Slain by an ice beast (14 damage)
             ... on level 5 of the Dungeon.
             The game lasted 00:14:09 (5555 turns).

suicidejoker the Sneak (Octopode Transmuter)        Turns: 5555, Time: 00:14:12

Health: -1/51      AC:  1    Str: 15    XL:     8   Next: 13%
Magic:  13/13      EV: 14    Int: 17    God:    Cheibriados [......]
Gold:   255        SH:  5    Dex: 12    Spells: 13/14 levels left

rFire    . . .     SeeInvis .   a - +9 mace "Ginorhopn" {freeze, MR+ Dex-3 Stlth+}
rCold    . . .     Gourm    .   e - +1 buckler
rNeg     . . .     Faith    .   (helmet restricted)
rPois    .         Spirit   .   (no amulet)
rElec    .         Reflect  .   w - ring of teleportation
rCorr    .         Harm     .   (no ring)
MR       ++...     Rnd*Tele +   (no ring)
Stlth    +++++.....             (no ring)
HPRegen  0.17/turn              (no ring)
MPRegen  0.13/turn              (no ring)
                                (no ring)
                                (no ring)

@: mighty, very slow
A: almost no armour, stealthy swim, amphibious, 8 rings, constrict 8, camouflage
1, magic resistance 1, screaming 1, wild magic 1, gelatinous body 1
a: Bend Time, Renounce Religion


You were on level 5 of the Dungeon.
You worshipped Cheibriados.
Cheibriados was noncommittal.
You were hungry.

You visited 2 branches of the dungeon, and saw 6 of its levels.
You also visited: Ossuary.

You collected 255 gold pieces.

Inventory:

Hand Weapons
 a - the +9 mace "Ginorhopn" (weapon) {freeze, MR+ Dex-3 Stlth+}
   (You found it on level 4 of the Dungeon)

   It has been specially enchanted to freeze those struck by it, causing extra
   injury to most foes and up to half again as much damage against particularly
   susceptible opponents.
   It can also slow down cold-blooded creatures.
   It affects your dexterity (-3).
   It affects your resistance to hostile enchantments.
   It makes you more stealthy.
 b - a +0 hunting sling
 g - a +5 dire flail of venom
 h - a +0 scimitar of draining
 q - a +3 dagger of draining
 s - a +1 mace of protection
 F - a +3 mace of draining
Missiles
 j - 232 stones (quivered)
 n - 2 tomahawks of returning
 p - 81 arrows
 z - 32 bolts
 B - 5 tomahawks
 C - 2 javelins
Armour
 e - a +1 buckler (worn)
Jewellery
 w - a ring of teleportation (left tentacle)
Wands
 i - a wand of random effects (23)
 D - a wand of polymorph (16)
Scrolls
 d - 5 scrolls of identify
 f - 3 scrolls of remove curse
 t - a scroll of amnesia {unknown}
 y - 2 scrolls of teleportation
Potions
 k - 3 potions of might
 l - 4 potions of heal wounds
 o - a potion of ambrosia {unknown}
 u - a potion of flight {unknown}
 v - 2 potions of degeneration {unknown}
 x - a potion of magic {unknown}
 A - 5 potions of brilliance {unknown}
Books
 r - a book of Changes

   Spells                             Type                      Level
   a - Beastly Appendage              Transmutation                1
   b - Sticks to Snakes               Transmutation                2
   c - Spider Form                    Transmutation/Poison         3
   d - Ice Form                       Ice/Transmutation            4
   e - Blade Hands                    Transmutation                5
Comestibles
 c - 4 rations


   Skills:
 + Level 2.3 Fighting
 - Level 2.0 Short Blades
 * Level 1.0 Maces & Flails
 + Level 2.3 Throwing
 + Level 3.2 Dodging
 * Level 5.0 Stealth
 + Level 2.0 Shields
 + Level 4.0 Unarmed Combat
 * Level 3.8 Spellcasting
 * Level 4.1 Transmutations


You had 13 spell levels left.
You knew the following spells:

 Your Spells              Type           Power        Failure   Level  Hunger
a - Beastly Appendage     Tmut           ###...       6%          1    None


Dungeon Overview and Level Annotations

Branches:
Dungeon (5/15)             Temple (1/1) D:5

Altars:
Ashenzari
Cheibriados
Dithmenos
Gozag
Hepliaklqana
Makhleb
Nemelex Xobeh
Okawaru
Qazlal
Sif Muna
Trog
Uskayaw
Wu Jian
Xom
Yredelemnul

Shops:
D:4 }

Annotations:
D:5 Prince Ribbit


Innate Abilities, Weirdness & Mutations

You cannot wear most types of armour.
You are very stealthy in the water. (Stealth+)
You are amphibious.
You can wear up to eight rings at the same time.
You can use your tentacles to constrict eight enemies at once.
Your skin changes colour to match your surroundings (Stealth+).
Your rubbery body absorbs attacks. (AC +1, EV +1)
You are resistant to hostile enchantments. (MR+)
You occasionally shout uncontrollably at your foes.
Your spells are a little harder to cast, but a little more powerful.


Message History

* * * LOW HITPOINT WARNING * * *
You feel better.
Prince Ribbit blinks!
You feel very mighty all of a sudden. The orc misses you.
The ice beast hits you.
* * * LOW HITPOINT WARNING * * *
The ice beast freezes you!
* * * LOW HITPOINT WARNING * * *
You feel better. The orc hits you with a club.
* * * LOW HITPOINT WARNING * * *
You block the ice beast's attack.
It was a potion of heal wounds.
You feel much better.
Prince Ribbit catches a blue-tailed skink with his tongue.
The orc barely misses you. The ice beast completely misses you.
You bludgeon the orc!! You freeze the orc.
You kill the orc!
Cheibriados appreciates the change of pace.
Prince Ribbit hits you! The ice beast hits you.
* * * LOW HITPOINT WARNING * * *
The ice beast freezes you!
You die...

#..#..# #.....
.. #....##
#.##.. .
#.....### #.#
##.
#.##.##....###.#
#. #.#.
##....#..# ##
#... ###....# #
#... ####....##
#..Y##.....#..##
#@...#####..## #
#.F..###
##..#####
#....## ##......
#.###(. #.###..
#. ##. #.# ##.
#. .. #.# #. #
#. ..# ## #. ..#
# ...# #


You could see Prince Ribbit and an ice beast.

Vanquished Creatures
  The ghost of Noreply the Grasshopper, an amateur GnWr (D:4)
  The ghost of frimble the Chopper, an amateur MiBe of Trog (D:3)
  Edmund (D:5)
  Blork the orc (D:5)
  2 centaur zombies (Ossuary)
  A human zombie (Ossuary)
  An orc priest (D:5)
  Crazy Yiuf (D:3)
  A worker ant (D:5)
  2 big kobold zombies (Ossuary)
  2 mummies (Ossuary)
  8 adders
  2 oozes (D:1)
  An adder skeleton (D:4)
  A worm (D:3)
  3 dart slugs
  2 leopard geckos (D:1)
  12 orcs
  A giant cockroach (D:2)
  7 goblins
  5 hobgoblins
  2 quokkas
  A ball python (D:3)
  8 bats
  5 frilled lizards
  2 goblin zombies (Ossuary)
  8 hobgoblin zombies (Ossuary)
  A jackal zombie (Ossuary)
  2 kobolds (D:2)
  11 kobold zombies (Ossuary)
  7 orc zombies (Ossuary)
  3 quokka zombies
  6 rats
  2 rat zombies (Ossuary)
114 creatures vanquished.

Notes
Turn   | Place    | Note
-------+----------+-------------------------------------------
     0 | D:1      | suicidejoker the Octopode Transmuter began the quest for the Orb.
     0 | D:1      | Reached XP level 1. HP: 13/13 MP: 3/3
    22 | D:1      | Reached XP level 2. HP: 12/18 MP: 5/5
   153 | D:1      | Reached skill level 1 in Stealth
   479 | D:1      | Reached XP level 3. HP: 17/23 MP: 6/6
  1120 | D:2      | Reached XP level 4. HP: 22/28 MP: 7/7
  1124 | D:2      | Reached skill level 2 in Stealth
  1261 | D:2      | Reached skill level 1 in Throwing
  1727 | D:3      | Reached XP level 5. HP: 19/33 MP: 8/8
  1849 | D:3      | Reached skill level 1 in Short Blades
  2372 | D:3      | Noticed frimble's ghost (amateur MiBe)
  2518 | D:3      | Found a runed door.
  2537 | D:3      | Noticed Crazy Yiuf
  2543 | D:3      | Killed Crazy Yiuf
  2567 | D:3      | Gained mutation: You occasionally shout uncontrollably at your foes. [potion of mutation]
  2567 | D:3      | Gained mutation: Your spells are a little harder to cast, but a little more powerful. [potion of mutation]
  2567 | D:3      | Gained mutation: You are resistant to hostile enchantments. (MR+) [potion of mutation]
  2585 | D:3      | Killed frimble's ghost
  2585 | D:3      | Reached skill level 3 in Stealth
  2585 | D:3      | Reached XP level 6. HP: 38/39 MP: 10/10
  2898 | D:4      | Noticed Noreply's ghost (amateur GnWr)
  2913 | D:4      | Killed Noreply's ghost
  2913 | D:4      | Reached skill level 4 in Stealth
  2913 | D:4      | Reached skill level 1 in Shields
  2913 | D:4      | Reached XP level 7. HP: 39/45 MP: 11/11
  2944 | D:4      | Found a sand-covered staircase.
  2961 | Ossuary  | Entered an ossuary
  4083 | D:4      | Found a shimmering altar of Xom.
  4415 | D:4      | Found Sizevyi's Gadget Shop.
  4640 | D:4      | Got a warped mace
  4641 | D:4      | Identified the +9 mace "Ginorhopn" {freeze, MR+ Dex-3 Stlth+} (You found it on level 4 of the Dungeon)
  4672 | D:5      | Entered Level 5 of the Dungeon
  4672 | D:5      | Found an iron altar of Okawaru.
  4672 | D:5      | Noticed Edmund
  4680 | D:5      | Killed Edmund
  4680 | D:5      | HP: 2/45 [poisoned by Edmund]
  5168 | D:5      | Noticed Blork the orc
  5175 | D:5      | Killed Blork the orc
  5175 | D:5      | Reached XP level 8. HP: 35/50 MP: 13/13
  5234 | D:5      | Found a staircase to the Ecumenical Temple.
  5247 | Temple   | Entered the Ecumenical Temple
  5386 | Temple   | Became a worshipper of Cheibriados the Contemplative
  5529 | D:5      | Noticed Prince Ribbit
  5544 | D:5      | Reached skill level 1 in Maces & Flails
  5544 | D:5      | Reached skill level 5 in Stealth
  5555 | D:5      | Slain by an ice beast

Skill      XL: |  1  2  3  4  5  6  7  8 |
---------------+-------------------------+-----
Stealth        | 1 2 3 4 5 |  5.0
Throwing       | 1 2 |  2.3
Short Blades   | 1 2 |  2.0
Transmutations | 3 4 |  4.1
Spellcasting   | 3 |  3.8
Fighting       | 2 |  2.3
Shields        | 1 2 |  2.0
Dodging        | 3 |  3.2
Maces & Flails | 1 |  1.0
Unarmed Combat | 4 |  4.0

Action                   |  1- 3 |  4- 6 |  7- 9 || total
-------------------------+-------+-------+-------++-------
Melee: Unarmed           |    20 |    16 |       ||    36
       Constrict         |    14 |    19 |    30 ||    63
       Tentacles         |     9 |    11 |    24 ||    44
       Dagger            |    43 |    69 |   104 ||   216
       Punch             |       |     2 |     1 ||     3
       Mace              |       |       |    29 ||    29
 Fire: Hunting sling     |       |     6 |    42 ||    48
Throw: Stone             |       |       |     4 ||     4
  Use: Potion            |       |     5 |     6 ||    11
       Scroll            |       |     7 |     3 ||    10
 Stab: Sleeping          |    10 |     6 |     5 ||    21
  Eat: Chunk             |       |     4 |     3 ||     7
       Ration            |       |     1 |     1 ||     2
Armor: Skin              |     3 |     9 |     4 ||    16
Dodge: Dodged            |    40 |    28 |    50 ||   118
Block: Buckler           |       |    12 |    21 ||    33
